 Dungeon Crawl Stone Soup version 0.26.0-41-g79a4fc7684 (webtiles) character file.

Game seed: 18350923428276064659

10143 Hehehe the Cleaver (level 11, 0/104 HPs)
             Began as a Deep Dwarf Fighter on Jan 27, 2021.
             Was an Elder of Makhleb.
             Slain by a white ugly thing (18 damage)
             ... on level 11 of the Dungeon.
             The game lasted 00:25:44 (7583 turns).

Hehehe the Cleaver (Deep Dwarf Fighter)             Turns: 7583, Time: 00:25:45

Health: 0/104      AC: 14    Str: 33    XL:     11   Next: 32%
Magic:  11/11      EV:  9    Int:  9    God:    Makhleb [****..]
Gold:   587        SH: 14    Dex: 12    Spells: 10/10 levels left

rFire    . . .     SeeInvis +   u - +7 hand axe of Joyful Slaughter {flame, *Corrode Str+4 SInv}
rCold    . . .     Faith    .   c - +1 kite shield
rNeg     . . .     Spirit   .   t - +0 plate armour
rPois    .         Reflect  .   o - +1 helmet
rElec    .         Harm     .   (no cloak)
rCorr    .         Rampage  .   (no gloves)
Will     +....                  (no boots)
Stlth    ..........             (no amulet)
HPRegen  0.00/turn              F - ring of see invisible
MPRegen  0.12/turn              I - +6 ring of strength

@: berserk cooldown, non-regenerating, hasted and slowed
A: damage resistance, heal wounds, sense surroundings 2, no regeneration
a: Heal Wounds, Renounce Religion, Minor Destruction, Lesser Servant of Makhleb,
Major Destruction


You were on level 11 of the Dungeon.
You worshipped Makhleb.
Makhleb was greatly pleased with you.
You visited 2 branches of the dungeon, and saw 12 of its levels.

You collected 587 gold pieces.

Inventory:

Hand Weapons
 a - a +1 war axe
 n - a +4 scimitar of holy wrath
 u - the +7 hand axe of Joyful Slaughter (weapon) {flame, *Corrode Str+4 SInv}
   (You found it on level 4 of the Dungeon)

   It has been specially enchanted to burn those struck by it, causing extra
   injury to most foes and up to half again as much damage against particularly
   susceptible opponents.
   Big, fiery blades are also staple armaments of hydra-hunters.
   It affects your strength (+4).
   It lets you see invisible.
   It may corrode you when you take damage.
Missiles
 k - 3 throwing nets
Armour
 b - a +0 scale mail
 c - a +1 kite shield (worn)
 o - a +1 helmet (worn)
 t - a +0 plate armour (worn)
Jewellery
 A - an uncursed ring of poison resistance
 F - a ring of see invisible (left hand)
 I - a +6 ring of strength (right hand)
Wands
 d - a wand of random effects (13)
 f - a wand of polymorph (12)
 v - a wand of paralysis (10)
 y - a wand of acid (12)
 B - a wand of digging (3)
 H - a wand of flame (15)
Scrolls
 g - 2 scrolls of teleportation
 h - 4 scrolls of amnesia
 i - 3 scrolls of enchant weapon
 j - a scroll of immolation
 l - 6 scrolls of remove curse
 x - a scroll of fear
 D - a scroll of silence
 J - a scroll of identify
Potions
 e - 2 potions of flight
 p - 2 potions of might
 q - a potion of mutation
 r - a potion of attraction
 s - 2 potions of ambrosia
 w - a potion of haste
 C - a potion of lignification
 E - a potion of magic


   Skills:
 - Level 8.6 Fighting
 + Level 11.9 Axes
 + Level 6.0 Armour
 - Level 4.1 Dodging
 + Level 2.5 Stealth
 - Level 9.7 Shields
 - Level 3.2 Invocations
 - Level 3.1 Evocations


You had 10 spell levels left.
You didn't know any spells.
Your spell library contained the following spells:

 Spells                   Type           Power        Failure   Level
 Foxfire                  Conj/Fire      0%           99%         1
 Summon Small Mammal      Summ           0%           99%         1
 Call Imp                 Summ           0%           100%        2
 Call Canine Familiar     Summ           0%           100%        3
 Conjure Flame            Conj/Fire      0%           100%        3
 Inner Flame              Hex/Fire       0%           100%        3
 Summon Guardian Golem    Hex/Summ       0%           100%        3
 Sticky Flame             Conj/Fire      0%           100%        4
 Summon Ice Beast         Ice/Summ       0%           100%        4
 Summon Lightning Spire   Summ/Air       0%           100%        4
 Fireball                 Conj/Fire      0%           100%        5


Dungeon Overview and Level Annotations

Branches:
Dungeon (11/15)            Temple (1/1) D:7            Lair (0/6) D:8
    Orc: D:9-12

Altars:
Ashenzari
Dithmenos
Elyvilon
Fedhas
Gozag
Hepliaklqana
Kikubaaqudgha
Makhleb
Nemelex Xobeh
Qazlal
Ru
Uskayaw
Vehumet
Wu Jian
Xom
Yredelemnul
Zin
The Shining One

Shops:
D:6 (


Innate Abilities, Weirdness & Mutations

You are resistant to damage.
You can heal yourself by infusing magical energy.
You passively map the area around you.
You do not regenerate.


Message History

* * * LOW HITPOINT WARNING * * *
The boulder beetle stops rolling and uncurls.
The white ugly thing closely misses you.
You barely miss the white ugly thing.
The white ugly thing is almost dead.
You hit the boulder beetle but do no damage.
The boulder beetle closely misses you.
The white ugly thing punches you but does no damage.
The boulder beetle leaps!
The white ugly thing punches you but does no damage.
You fail to use your ability.
You block the white ugly thing's attack.
You feel better. The white ugly thing punches you.
The white ugly thing freezes you!!
* * * LOW HITPOINT WARNING * * *
The white ugly thing punches you but does no damage.
You feel yourself speed up. The white ugly thing punches you.
* * * LOW HITPOINT WARNING * * *
The white ugly thing freezes you!!
You die...

,, , , ,, * , , ..., ,, ,
,, * , , , ... , , , , ,
.... , , , , ,, * , .....
###########+###### ,,,
*.....##...##..##...##...
, ,
,*#..............#....#...
* ,
#............).#....#...
,,,
......u@.B...).#....'...
,,,
......†......).'....#... ,
...............#....#...
***
*#.##.####...####.####+##
* #, #.** #...# *#.####.##
,, , ., ....... .........
, , ., .....$............
, , ,..
,........>......... + ,, ,
....(.....<


You could see a boulder beetle and a white ugly thing.

Vanquished Creatures
  Harold (D:7)
  A two-headed ogre (D:10)
  A manticore (D:11)
  Maurice (D:8)
  Joseph (D:8)
  Psyche (D:8)
  A gargoyle (D:10)
  A centaur skeleton (D:11)
  2 trolls
  A shadow (D:11)
  Sigmund (D:2)
  2 wyverns
  4 yaks (D:10)
  A vampire (D:9)
  Menkaure (D:7)
  A water moccasin (D:10)
  A black bear (D:7)
  4 orc warriors
  An ice beast (D:5)
  3 sky beasts
  6 ogres
  A necrophage (D:7)
  4 centaurs
  4 big kobolds
  6 bullfrogs
  2 wyvern zombies (D:9)
  A water moccasin skeleton (D:10)
  A wyvern skeleton (D:10)
  3 scorpions
  9 killer bees
  7 wights
  A quasit (D:6)
  A jelly (D:6)
  6 orc priests
  4 hounds
  14 orc wizards
  Crazy Yiuf (D:4)
  3 bullfrog skeletons
  Terence (D:2)
  4 iguanas
  7 worker ants
  3 hound zombies
  2 hound skeletons
  2 howler monkey zombies
  4 gnolls (D:4)
  8 adders
  4 white imps
  3 ufetubi
  An ooze (D:1)
  3 worms
  A dart slug (D:1)
  6 leopard geckos
  29 orcs
  A ball python (D:2)
  4 bats (D:1)
  7 giant cockroaches
  4 goblins
  9 hobgoblins
  8 jackals
  2 quokkas
  4 frilled lizards
  A jackal skeleton (D:4)
  34 kobolds
  A leopard gecko skeleton (D:8)
  2 quokka skeletons
  4 rats
263 creatures vanquished.

Vanquished Creatures (others)
  4 fungi (D:8)
  20 plants
24 creatures vanquished.

Grand Total: 287 creatures vanquished

Notes
Turn   | Place    | Note
-------+----------+-------------------------------------------
     0 | D:1      | Hehehe the Deep Dwarf Fighter began the quest for the Orb.
     0 | D:1      | Reached XP level 1. HP: 20/20 MP: 1/1
    62 | D:1      | Reached skill level 3 in Axes
    65 | D:1      | Reached XP level 2. HP: 27/27 MP: 2/2
   374 | D:1      | Reached XP level 3. HP: 26/33 MP: 3/3
   498 | D:2      | Reached skill level 4 in Axes
   793 | D:2      | Noticed Sigmund
   816 | D:2      | Killed Sigmund
   817 | D:2      | Reached skill level 6 in Axes
   817 | D:2      | Reached XP level 4. HP: 20/40 MP: 4/4
   817 | D:2      | Reached XP level 5. HP: 23/46 MP: 5/5
  1092 | D:2      | Noticed Terence
  1106 | D:2      | Killed Terence
  1316 | D:3      | You fall into a shaft and drop 1 floor!
  1326 | D:4      | Reached skill level 7 in Axes
  1326 | D:4      | Reached XP level 6. HP: 41/55 MP: 6/6
  1827 | D:4      | Found a runed translucent door.
  1828 | D:4      | Noticed Crazy Yiuf
  2051 | D:4      | You fall into a shaft and drop 2 floors!
  2156 | D:6      | Reached skill level 8 in Axes
  2223 | D:6      | Reached XP level 7. HP: 39/61 MP: 6/6
  2228 | D:5      | Entered Level 5 of the Dungeon
  3293 | D:4      | Got a pitted hand axe
  3294 | D:4      | Identified the +7 hand axe of Joyful Slaughter {flame,
                  | *Corrode Str+4 SInv} (You found it on level 4 of the
                  | Dungeon)
  3393 | D:4      | Killed Crazy Yiuf
  3515 | D:6      | Found Suid's Weapon Boutique.
  3530 | D:6      | Reached skill level 9 in Axes
  3530 | D:6      | Reached XP level 8. HP: 61/72 MP: 7/7
  3534 | D:6      | Reached skill level 5 in Shields
  4197 | D:7      | Noticed Harold
  4219 | D:7      | Killed Harold
  4220 | D:7      | Reached skill level 5 in Fighting
  4220 | D:7      | Reached skill level 10 in Axes
  4220 | D:7      | Gained mutation: You passively map the area around you.
                  | [Deep Dwarf growth]
  4220 | D:7      | Reached XP level 9. HP: 31/82 MP: 8/8
  4254 | D:7      | Found the +2 shield of Resistance {rF++ rC++ Will++}
  4330 | D:7      | Noticed Menkaure
  4336 | D:7      | Killed Menkaure
  4597 | D:7      | Found a staircase to the Ecumenical Temple.
  4619 | Temple   | Entered the Ecumenical Temple
  4812 | Temple   | Became a worshipper of Makhleb the Destroyer
  5213 | D:7      | Reached * piety under Makhleb
  5503 | D:8      | Reached skill level 11 in Axes
  5667 | D:8      | Found a staircase to the Lair.
  5766 | D:8      | Noticed Psyche
  5768 | D:8      | Reached ** piety under Makhleb
  5776 | D:8      | Killed Psyche
  5777 | D:8      | Reached XP level 10. HP: 51/94 MP: 8/8
  6122 | D:8      | Noticed Joseph
  6134 | D:8      | Killed Joseph
  6152 | D:8      | Noticed Maurice
  6163 | D:8      | Killed Maurice
  6563 | D:9      | Reached skill level 1 in Invocations
  6563 | D:9      | Reached skill level 1 in Evocations
  6603 | D:9      | Reached skill level 1 in Dodging
  6799 | D:9      | Reached *** piety under Makhleb
  6922 | D:10     | Entered Level 10 of the Dungeon
  6992 | D:10     | Noticed a gargoyle
  7015 | D:10     | Killed a gargoyle
  7102 | D:10     | Reached XP level 11. HP: 103/104 MP: 11/11
  7129 | D:10     | Found a white marble altar of Elyvilon.
  7136 | D:10     | Noticed a two-headed ogre
  7152 | D:10     | Killed a two-headed ogre
  7153 | D:10     | Reached skill level 5 in Armour
  7523 | D:11     | Noticed a boulder beetle
  7530 | D:11     | Reached **** piety under Makhleb
  7533 | D:11     | Reached skill level 1 in Stealth
  7564 | D:11     | Noticed a white ugly thing
  7583 | D:11     | Slain by a white ugly thing

Illustrated notes

Levels and vault maps discovered:
D:1:      dpeg_arrival_round_b, layout_basic, minmay_tetromino_i4
D:2:      layout_basic, uniq_terence, uniq_sigmund
D:3:      layout_loops_ring, lemuel_round_altar, corexii_hall_statues_i,
          cheibrodos_gnoll_hut
D:4:      layout_cave_pods, uniq_crazy_yiuf_cottage
D:5:      layout_loops_corners
D:6:      minmay_spotlight, layout_gridville, serial_shops, shop
D:7:      kennysheep_kobold_camp, layout_loops_ring,
          minmay_temple_entry_purple_smoke, kennysheep_generic_room_7,
          uniq_menkaure, uniq_harold
D:8:      layout_basic, dpeg_oklobed_lair, minmay_starry_boxes, uniq_maurice,
          uniq_psyche, uniq_joseph
D:9:      layout_basic, grunt_temple_overflow_open
D:10:     layout_basic, minmay_misc_feat_pillars, elyvilon_altar_3
D:11:     layout_gridville, orc_0_dummy, minmay_crystal_water
Temple:   dpeg_five_rooms_temple

Skill      XL: |  1  2  3  4  5  6  7  8  9 10 11 |
---------------+----------------------------------+-----
Axes           | 3 6 7 8 9 10 11 | 11.9
Fighting       | 4 5 7 8 |  8.6
Shields        | 4 6 8 9 |  9.7
Invocations    | 3 |  3.2
Evocations     | 3 |  3.1
Dodging        | 3 4 |  4.1
Armour         | 4 6 |  6.0
Stealth        | 2 |  2.5

Action                   |  1- 3 |  4- 6 |  7- 9 | 10-12 || total
-------------------------+-------+-------+-------+-------++-------
Melee: War axe           |   102 |   100 |    46 |       ||   248
       Hand axe          |       |       |   252 |   296 ||   548
 Abil: Heal Wounds       |     1 |     2 |     7 |     4 ||    14
  Use: Potion            |     1 |     5 |     3 |     5 ||    14
       Scroll            |       |     7 |     9 |     3 ||    19
Armor: Scale mail        |    39 |    62 |     9 |       ||   110
       Plate armour      |       |       |    77 |   101 ||   178
Dodge: Dodged            |    27 |    31 |    30 |    60 ||   148
Block: Kite shield       |    43 |    51 |   114 |   180 ||   388
